AoeStats
← Blazing Cartesia, The Virtuous

Arabia

507446558Analyzed
1v1 RM · 13d ago on Sep 18, 2026· 45m 12s· 2 players
Game mode
Random Map
Map size
Tiny (2 player)
Population
200
Speed
Normal
Resources
Standard
Victory
Conquest
Starting age
Dark Age
Ending age
Imperial Age
RankedLock teamsTeams togetherTeam positionsShared explorationLock speedFull tech treeHidden civsTurbo modeCheats
Victory
Defeat
1164
+18
🇮🇳 Byzantines · India
1208
-18
dany
0:26 Loom
5:43 Loom
6:14 Loom
11:39 Feudal Age
12:09 Double-Bit Axe
12:31 Horse Collar
16:17 Padded Archer Armor
16:54 Fletching
23:39 Castle Age
22:07 Gold Mining
22:19 Stone Mining
25:24 Bow Saw
26:33 Wheelbarrow
38:12 Forging
38:08 Scale Barding Armor
38:36 Sanctity
39:44 Heavy Plow
40:05 Husbandry
41:08 Iron Casting
41:14 Fervor
41:33 Pikeman
42:13 Squires
45:48 Imperial Age
44:36 Chain Barding Armor
Blazing Cartesia, The Virtuous
7:00 Loom
9:47 Feudal Age
9:53 Man-at-Arms
10:33 Double-Bit Axe
15:07 Fletching
21:11 Castle Age
19:07 Horse Collar
21:17 Scale Mail Armor
21:28 Forging
21:11 Arson
22:18 Gold Mining
23:49 Bow Saw
24:54 Squires
26:29 Heavy Plow
29:18 Iron Casting
32:14 Stone Mining
33:00 Gold Shaft Mining
33:26 Pikeman
36:55 Imperial Age
36:01 Bodkin Arrow
36:59 Stone Shaft Mining
37:22 Halberdier
38:24 Chain Mail Armor
40:09 Wheelbarrow
39:27 Elite Fire Archer
40:18 Town Watch
41:16 Hand Cart
41:40 Conscription
41:31 Bracer
41:57 Ballistics
42:42 Red Cliffs Tactics
43:41 Town Patrol
Connection lost

Rejoining the realm…

Still unreachable

The connection could not be restored.

Session expired

The server has moved on; the page needs a fresh start.